 Dungeon Crawl Stone Soup version 0.26-a0-651-gb41185065b (webtiles) character file.

Game seed: 18341912158014240877

(classic levelgen) 565 EnegeticOcto the Chopper (level 7, 35/64 HPs)
             Began as a Deep Dwarf Fighter on Oct 10, 2020.
             Quit the game on level 4 of the Dungeon.
             The game lasted 00:01:11 (1271 turns).

EnegeticOcto the Chopper (Deep Dwarf Fighter)       Turns: 1271, Time: 00:01:11

Health: 35/64      AC:  7    Str: 22    XL:     7   Next: 10%
Magic:  2/2        EV:  6    Int:  8    God:
Gold:   137        SH:  7    Dex: 12    Spells: 6/6 levels left

rFire    . . .     SeeInvis .   a - +0 war axe
rCold    . . .     Faith    .   c - +0 kite shield
rNeg     . . .     Spirit   .   b - +0 scale mail
rPois    .         Reflect  .   (no helmet)
rElec    .         Harm     .   (no cloak)
rCorr    .         Rampage  .   f - +0 pair of gloves
MR       +....                  (no boots)
Stlth    ..........             (no amulet)
HPRegen  0.00/turn              (no ring)
MPRegen  0.08/turn              (no ring)

@: non-regenerating, very heavily drained
A: damage resistance, heal wounds, sense surroundings 1, no regeneration
a: Heal Wounds


You were on level 4 of the Dungeon.
You visited 1 branch of the dungeon, and saw 4 of its levels.

You collected 137 gold pieces.

Inventory:

Hand Weapons
 a - a +0 war axe (weapon)
Armour
 b - a +0 scale mail (worn)
 c - a +0 kite shield (worn)
 f - a +0 pair of gloves (worn)
Jewellery
 l - an uncursed ring of magical power {unknown}
Scrolls
 e - a scroll of immolation {unknown}
 h - 3 scrolls of identify {unknown}
 i - a scroll of enchant weapon {unknown}
 j - a scroll of teleportation {unknown}
 k - a scroll of amnesia {unknown}
 n - 4 scrolls of remove curse {unknown}
 q - a scroll of noise {unknown}
 r - a scroll of enchant armour {unknown}
Potions
 d - a potion of might {@q3}
 g - 2 potions of curing {unknown}
 m - a potion of brilliance {unknown}
 o - a potion of degeneration {unknown}
 p - a potion of lignification {unknown}
 s - a potion of resistance {unknown}


   Skills:
 + Level 4.1(0.0) Fighting
 * Level 5.6(0.6) Axes
 + Level 4.9(0.0) Armour
 + Level 4.9(0.0) Shields


You had 6 spell levels left.
You didn't know any spells.
Your spell library was empty.

Dungeon Overview and Level Annotations

Branches:
Dungeon (4/15)
 Temple: D:4-7

Altars:
Fedhas
Gozag
Okawaru
Qazlal
Trog


Innate Abilities, Weirdness & Mutations

You are resistant to damage.
You can heal yourself by infusing magical energy.
You passively map a small area around you.
You do not regenerate.


Message History

There are monsters nearby!
There are monsters nearby!
You are too injured to fight recklessly!
You are too injured to fight recklessly!
You are too injured to fight recklessly!
You are too injured to fight recklessly!
You are too injured to fight recklessly!
You feel much better. The orc wizard closely misses you.
You barely miss the orc wizard.
The orc wizard points at you and mumbles some strange words.
The magic dart hits you.
Your shield and scale mail prevent you from hitting the orc wizard.
You block the orc wizard's attack.
You closely miss the orc wizard. The orc wizard barely misses you.
The orc wizard hits you but does no damage.
You slash the orc wizard!
The orc wizard is almost dead.
You block the orc wizard's attack.
The orc wizard hits you but does no damage.
You hit the orc wizard.
You kill the orc wizard!
The orc hits you but does no damage.
You barely miss the orc. The orc hits you with a +0 club.
You barely miss the orc. The orc barely misses you.
The orc hits you but does no damage.
You hit the orc.
The orc is heavily wounded.
The orc hits you but does no damage.
You barely miss the orc.
The orc is heavily wounded.
You block the orc's attack. x2
You slash the orc!
You kill the orc!
You slash the orc!
You kill the orc!
The orc throws a boomerang.
The boomerang closely misses you.
The weapon returns to the orc!
The orc throws a boomerang.
The boomerang hits you but does no damage.
The weapon returns to the orc!
The orc barely misses you.
There is an open door, spattered with blood here.
Items here: )))) [[[ †††.
You hit the orc but do no damage. You block the orc's attack.
You barely miss the orc. You block the orc's attack.
The orc hits you but does no damage.
You hit the orc but do no damage. The orc hits you but does no damage.
You hit the orc but do no damage. The orc hits you but does no damage.
The orc hits you with a +0 hand axe.
You hit the orc.
The orc is moderately wounded.
You block the orc's attack.
You slash the orc!
You kill the orc!
No target in view!
No target in view!
No target in view!
No target in view!
No target in view!
No target in view!
No target in view!
No target in view!
No target in view!
Things that are here:
a +0 hand axe; 2 boomerangs; a +0 scale mail
Found a stone staircase leading up.
Things that are here:
a +0 hand axe; 2 boomerangs; a +0 scale mail
There is an open door, spattered with blood here.
Items here: )))) [[[ †††.
There is a stone staircase leading down here.
You open the door.
There is an open door here.
s - a murky purple potion
h - 3 scrolls labeled FEIHA NOSTAMMU XIGG (gained 1)
Found a stone staircase leading up.
Found a kite shield.
Found an escape hatch in the ceiling.
Found a stone staircase leading down.
Done exploring.
No target in view!
No target in view!
No target in view!
No target in view!
No target in view!
No target in view!
No target in view!
No target in view!
No target in view!
No target in view!
Done exploring.
Done exploring.
Done exploring.
Done exploring.
Done exploring.
Done exploring.
Done exploring.
Done exploring.
Done exploring.
No target in view!
Search for what [? for help]? .
Are you sure you want to abandon this character and quit the game? (Confirm with "yes".)

.......# .......#
##.....# ##.+#### .#..#
.#..# ....# ########
.#..###### #......#
.#.......#######@..<..#
##.................>..#
##...###..####.#...[..#
.....# ##.## #.#......#
.....# #..# #.########
.....# ##.###.# .....#
#.)##.# .....# ##.##.#
.>...# ##)##.#####


There were no monsters in sight!

Vanquished Creatures
  Edmund (D:4)
  Duvessa (D:4)
  Dowan (D:4)
  A howler monkey (D:4)
  A hound (D:4)
  An orc priest (D:4)
  A centaur skeleton (D:4)
  2 orc wizards (D:4)
  A worker ant (D:4)
  Robin (D:4)
  3 adders
  A dart slug (D:1)
  6 orcs (D:4)
  7 bats
  A giant cockroach (D:1)
  5 hobgoblins
  4 jackals (D:4)
  2 quokkas
  3 frilled lizards
  13 goblins
  4 kobolds
  4 rats
64 creatures vanquished.

Notes
Turn   | Place    | Note
-------+----------+-------------------------------------------
     0 | D:1      | EnegeticOcto the Deep Dwarf Fighter began the quest for the
                  | Orb.
     0 | D:1      | Reached XP level 1. HP: 20/20 MP: 1/1
   224 | D:1      | Reached XP level 2. HP: 24/27 MP: 2/2
   391 | D:2      | Found a stormy altar of Qazlal.
   391 | D:2      | Noticed a water elemental
   411 | D:2      | Found an iron altar of Okawaru.
   422 | D:2      | Noticed a fire elemental
   432 | D:2      | Noticed an earth elemental
   432 | D:2      | Noticed an air elemental
   483 | D:2      | Found an opulent altar of Gozag.
   501 | D:2      | Reached skill level 3 in Axes
   501 | D:2      | Reached XP level 3. HP: 19/34 MP: 3/3
   578 | D:2      | Found a bloodstained altar of Trog.
   729 | D:4      | Noticed Duvessa
   731 | D:4      | Noticed Dowan
   736 | D:4      | Reached XP level 4. HP: 28/42 MP: 4/4
   751 | D:4      | Killed Dowan
   751 | D:4      | Reached skill level 4 in Axes
   751 | D:4      | Reached XP level 5. HP: 49/49 MP: 4/4
   755 | D:4      | HP: 2/49 [Duvessa/+4 rapier of draining (6)]
   775 | D:4      | Killed Duvessa
   775 | D:4      | Reached XP level 6. HP: 42/56 MP: 2/2
   787 | D:4      | Found a blossoming altar of Fedhas.
   790 | D:4      | Noticed Edmund
   818 | D:4      | Killed Edmund
   818 | D:4      | Reached skill level 5 in Axes
   898 | D:4      | Noticed Robin
   906 | D:4      | Killed Robin
  1071 | D:4      | Reached XP level 7. HP: 38/64 MP: 2/2
  1271 | D:4      | Quit the game

Illustrated notes

Levels and vault maps discovered:
D:1:      scummos_arrival_gate, layout_basic
D:2:      layout_basic, lemuel_crystal_altar, old_standard_altar,
          nicolae_qazlal_style_of_elements, tso_metal_star,
          okawaru_ov_weapons_minmay
D:3:      layout_loops_ring, nicolae_ru_path_of_blood
D:4:      layout_basic, old_standard_altar, minmay_fractal_squares_gapless_5,
          uniq_duvessa, uniq_robin, uniq_edmund

Skill      XL: |  1  2  3  4  5  6 |
---------------+-------------------+-----
Fighting       | 3 4 |  4.1
Axes           | 3 4 5 |  5.6
Armour         | 4 |  4.9
Shields        | 4 |  4.9

Action                   |  1- 3 |  4- 6 |  7- 9 || total
-------------------------+-------+-------+-------++-------
Melee: War axe           |   112 |   117 |    33 ||   262
 Abil: Heal Wounds       |     1 |    15 |     1 ||    17
Armor: Scale mail        |    52 |    61 |    16 ||   129
Dodge: Dodged            |    41 |    47 |    10 ||    98
Block: Kite shield       |    78 |    77 |    12 ||   167

Table legend: (Time is in decaauts)
 A = Elapsed time spent in this place.
 B = Non-inter-level travel time spent in this place.
 C = Inter-level travel time spent in this place.
 D = Time resting spent in this place.
 E = Time spent auto-exploring this place.
 F = Levels seen in this place.
 G = Mean time per level.
                   A        B        C        D        E       F      G
               +--------+--------+--------+--------+--------+-----+--------+
         Total |   1408 |   1333 |     75 |      0 |    770 |   4 |  352.0 |
       Dungeon |   1408 |   1333 |     75 |      0 |    770 |   4 |  352.0 |
               +--------+--------+--------+--------+--------+-----+--------+

Top non-repeatable levels by time:
     D:4: 632 daAuts
     D:1: 406 daAuts
     D:2: 259 daAuts
     D:3: 110 daAuts
